 Dungeon Crawl Stone Soup version 0.28.0-55-gcd9437bce4 (webtiles) character file.

Game seed: 4190115102534818404

109 Atelerd the Digger (level 4, -1/27 HPs)
             Began as an Octopode Earth Elementalist on Jan 4, 2023.
             Killed by miscasting Petrify (12 damage)
             ... on level 3 of the Dungeon.
             The game lasted 00:03:06 (2655 turns).

Atelerd the Digger (Octopode Earth Elementalist)    Turns: 2655, Time: 00:03:08

Health: -1/27      AC:  1    Str:  7    XL:     4   Next: 90%
Magic:  0/8        EV: 13    Int: 19    God:
Gold:   49         SH:  0    Dex: 12    Spells: 0/8 levels left

rFire   . . .      SeeInvis .   d - +2 dagger (drain)
rCold   . . .      Faith    .   (no shield)
rNeg    . . .      Spirit   .   (helmet restricted)
rPois   .          Reflect  .   (no amulet)
rElec   .          Harm     .   (no ring)
rCorr   .          Rampage  .   (no ring)
Will    .....                   (no ring)
Stlth   +++.......              (no ring)
HPRegen 0.09/turn               (no ring)
MPRegen 0.11/turn               (no ring)
                                (no ring)
                                (no ring)

@: very slightly contaminated
A: almost no armour, amphibious, 8 rings, camouflage 1, gelatinous body 1,
(nimble swimmer 1), tentacles
a: no special abilities


You were on level 3 of the Dungeon.
You visited 1 branch of the dungeon, and saw 3 of its levels.

You collected 49 gold pieces.

Inventory:

Hand Weapons
 c - a +0 rapier
 d - a +2 dagger of draining (weapon)
Jewellery
 h - a +4 ring of evasion
Scrolls
 a - a scroll of noise {unknown}
 e - 2 scrolls of identify {unknown}
Potions
 f - a potion of magic {unknown}
 g - a potion of brilliance {unknown}


   Skills:
 - Level 2.0 Dodging
 * Level 3.2 Stealth
 + Level 2.8 Spellcasting
 - Level 1.0 Conjurations
 + Level 1.9 Transmutations
 - Level 1.0 Air Magic
 + Level 3.7 Earth Magic
 - Level 1.0 Poison Magic


You couldn't memorise any spells.
You knew the following spells:

 Your Spells              Type           Power      Damage    Failure   Level
a - Sandblast             Erth           34%        2d9       3%          1
b - Mephitic Cloud        Conj/Pois/Air  6%         N/A       30%         3
p - Petrify               Tmut/Erth      13%        N/A       43%         4

Your spell library contained the following spells:

 Spells                   Type           Power      Damage    Failure   Level
 Passwall                 Tmut/Erth      10%        N/A       8%          2
 Magic Dart               Conj           24%        1d4       11%         1
 Shock                    Conj/Air       24%        1d4       11%         1
 Summon Small Mammal      Summ           8%         N/A       16%         1
 Stone Arrow              Conj/Erth      22%        3d8       17%         3
 Call Imp                 Summ           2%         N/A       24%         2
 Sublimation of Blood     Necr           2%         N/A       24%         2
 Swiftness                Air            6%         N/A       30%         3
 Call Canine Familiar     Summ           2%         N/A       43%         3
 Summon Guardian Golem    Hex/Summ       2%         N/A       43%         3
 Tukima's Dance           Hex            2%         N/A       43%         3
 Airstrike                Air            3%         N/A       71%         4
 Anguish                  Hex/Necr       1%         N/A       83%         4
 Irradiate                Conj/Tmut      4%         3d15      93%         5
 Enfeeble                 Hex            1%         N/A       100%        7


Dungeon Overview and Level Annotations

Branches:
Dungeon (3/15)

Altars:
Ashenzari

Annotations:
D:2 exclusion: 2 downstairs
D:3 Terence


Innate Abilities, Weirdness & Mutations

You cannot wear most types of armour.
You are amphibious.
You can wear up to eight rings at the same time.
Your skin changes colour to match your surroundings (Stealth+).
Your rubbery body absorbs attacks. (AC +1, EV +1)
((You are camouflaged when in or above water. (Stealth+)))
You have tentacles for arms and can constrict up to eight enemies at once.


Message History

You start waiting.
(D) Dungeon
Where to? (Enter - D:3, ? - help)
What level of the Dungeon? (default 1, ? - help)
There is a stone staircase leading down here.
You climb downwards.
Found a worn glass wand.
Found a broken altar of Ashenzari.
There is a stone staircase leading up here.
There are monsters nearby!
There are monsters nearby!
There are monsters nearby!
There are monsters nearby!
There are monsters nearby!
Level annotation: Terence Welcome back, Atelerd the Octopode Earth Elementalist.
Press ? for a list of commands and other information.
There are monsters nearby!
There are monsters nearby!
There are monsters nearby!
There are monsters nearby!
There is a stone staircase leading up here.
Terence shouts!
You hear a shout!
Cast which spell? (? or * to list)
The spell is potentially lethal to miscast (43% risk of failure)!
Continue anyway?
Aiming: Petrify (potentially lethal; 43% risk of failure)
Press: ? - help, Shift-Dir - straight line, f - Terence
Aim: Terence, wielding a +0 hand axe and wearing a +2 chain mail of cold resistance (chance to affect: 55%)
You miscast Petrify.
You are very lightly contaminated with residual magic.
Sand pours from your tentacles.
Ouch! That really hurt!
Casting: Petrify (potentially lethal; 43% risk of failure)
Confirm with . or Enter, or press ? or * to list all spells.
The spell is potentially lethal to miscast (43% risk of failure)!
Continue anyway?
Aiming: Petrify (potentially lethal; 43% risk of failure)
Press: ? - help, Shift-Dir - straight line, f/p - Terence
Aim: Terence, wielding a +0 hand axe and wearing a +2 chain mail of cold resistance (chance to affect: 55%)
You miscast Petrify.
You feel a surge of energy from the ground.
You die...

#.# #.# #.# #.#
#.# # #.######.
##.###.......#
#.....@.......
####..#.#####..
.......<....#...
................
..r.....@.......
..../...........
.............#..
##.#............
#...........###


You could see Terence and a rat.

Vanquished Creatures
  3 adders (D:2)
  4 worms (D:2)
  A dart slug (D:1)
  2 orcs
  6 ball pythons
  4 bats
  4 endoplasms
  3 giant cockroaches
  5 goblins
  4 hobgoblins
  6 jackals (D:1)
  4 quokkas
  5 frilled lizards
  8 kobolds
  6 rats
65 creatures vanquished.

Notes
Turn   | Place    | Note
-------+----------+-------------------------------------------
     0 | D:1      | Atelerd the Octopode Earth Elementalist began the quest for
                  | the Orb.
     0 | D:1      | Reached XP level 1. HP: 11/11 MP: 3/3
   208 | D:1      | Reached XP level 2. HP: 17/17 MP: 1/5
   623 | D:1      | Found a faded altar of an unknown god.
   631 | D:1      | Reached XP level 3. HP: 21/21 MP: 1/6
   746 | D:1      | Learned a level 3 spell: Mephitic Cloud
  1486 | D:2      | Reached XP level 4. HP: 17/27 MP: 3/7
  1721 | D:2      | Reached skill level 1 in Conjurations
  1739 | D:2      | Reached skill level 1 in Poison Magic
  1924 | D:2      | Reached skill level 1 in Air Magic
  2279 | D:2      | Learned a level 4 spell: Petrify
  2649 | D:3      | Noticed Terence
  2649 | D:3      | Found a broken altar of Ashenzari.
  2655 | D:3      | Killed by miscasting Petrify

Illustrated notes

Levels and vault maps discovered:
D:1:      saegor_arrival_miasma, layout_loops_ring,
          shapermc_ecumenical_altar_pompeii
D:2:      layout_rooms
D:3:      layout_basic, mainiacjoe_overflow_tiny_flanked, minmay_starry_boxes,
          uniq_terence, uniq_robin

Skill      XL: |  1  2  3  4 |
---------------+-------------+-----
Stealth        | 3 |  3.2
Conjurations   | 1 |  1.0
Poison Magic   | 1 |  1.0
Air Magic      | 1 |  1.0
Dodging        | |  2.0
Spellcasting   | |  2.8
Transmutations | |  1.9
Earth Magic    | |  3.7

Action                   |  1- 3 |  4- 6 || total
-------------------------+-------+-------++-------
Melee: Unarmed           |     2 |       ||     2
       Tentacles         |     7 |     5 ||    12
       Rapier            |    13 |       ||    13
       Constrict         |     8 |    10 ||    18
       Dagger            |    21 |    31 ||    52
 Cast: Sandblast         |    29 |    24 ||    53
 Stab: Sleeping          |     4 |       ||     4
Armor: Skin              |     4 |     2 ||     6
Dodge: Dodged            |    34 |    39 ||    73
